 Dungeon Crawl Stone Soup version 0.24-a0-619-gb7544fd237 (webtiles) character file.

Game seed: 15189289045145074888, levelgen mode: deterministic

2590 Lindell86 the Basher (level 9, 74/78 HPs)
             Began as a Yellow Draconian Fighter on Sept 15, 2019.
             Was a Believer of Trog.
             Quit the game on level 7 of the Dungeon on Feb 21, 2020.
             The game lasted 00:46:40 (6292 turns).

Lindell86 the Basher (Yellow Draconian Fighter)     Turns: 6292, Time: 00:46:40

Health: 74/78      AC:  7    Str: 20    XL:     9   Next: 33%
Magic:  9/9        EV: 25    Int:  8    God:    Trog [**....]
Gold:   373        SH: 10    Dex: 13    Spells: 8/8 levels left

rFire    . . .     SeeInvis .   s - +2 whip (freeze)
rCold    . . .     Gourm    .   b - +1 shield
rNeg     . . .     Faith    .   (armour unavailable)
rPois    .         Spirit   .   (helmet restricted)
rElec    .         Reflect  .   (no cloak)
rCorr    +         Harm     .   (no gloves)
MR       .....                  (no boots)
Stlth    +++.......             w - amulet of the acrobat
HPRegen  0.23/turn              (no ring)
MPRegen  0.11/turn              A - ring of stealth

@: acrobat
A: spit acid, unfitting armour, cold-blooded, acid resistance, AC +7
a: Breathe Acid, Berserk, Trog's Hand, Renounce Religion


You were on level 7 of the Dungeon.
You worshipped Trog.
Trog was pleased with you.
You were hungry.

You visited 2 branches of the dungeon, and saw 11 of its levels.

You collected 406 gold pieces.
You spent 33 gold pieces at shops.

Inventory:

Hand Weapons
 a - a +0 war axe
 n - a +2 dagger of venom
 s - a +2 whip of freezing (weapon)
 u - a +4 flail
Missiles
 f - 247 stones (quivered)
 p - 8 atropa-tipped darts
Armour
 b - a +1 shield (worn)
Jewellery
 q - an uncursed ring of fire
 w - an amulet of the acrobat (around neck)
 A - a ring of stealth (right hand)
 C - an uncursed ring of wizardry {unknown}
Wands
 m - a wand of scattershot (5)
 D - a wand of disintegration (13)
Scrolls
 c - a scroll of random uselessness {unknown}
 g - 2 scrolls of amnesia {unknown}
 h - 4 scrolls of identify
 j - a scroll of enchant weapon
 l - 3 scrolls of remove curse
 r - 2 scrolls of magic mapping
 y - a scroll of fog
 B - a scroll of blinking {unknown}
 E - a scroll of teleportation
Potions
 e - 4 potions of curing
 i - 2 potions of flight
 k - 5 potions of brilliance
 o - 3 potions of lignification
 t - a potion of cancellation {unknown}
 v - a potion of mutation {unknown}
 x - a potion of invisibility {unknown}
 z - 2 potions of heal wounds {unknown}
Comestibles
 d - 12 rations


   Skills:
 + Level 6.6 Fighting
 * Level 6.7(8.5) Axes
 + Level 8.0(9.1) Maces & Flails
 + Level 1.0 Throwing
 - Level 2.6 Dodging
 + Level 4.0 Stealth
 - Level 4.0 Shields


You had 8 spell levels left.
You didn't know any spells.
Your spell library was empty.

Dungeon Overview and Level Annotations

Branches:
Dungeon (10/15)            Temple (1/1) D:5
   Lair: D:8-11         Orc: D:9-12

Altars:
Ashenzari
Cheibriados
Dithmenos
Elyvilon
Fedhas
Gozag
Hepliaklqana
Kikubaaqudgha
Makhleb
Nemelex Xobeh
Okawaru
Qazlal
Ru
Sif Muna
Trog
Uskayaw
Vehumet
Wu Jian
Xom
Yredelemnul
Zin
The Shining One

Shops:
D:4 [   D:7 [?

Annotations:
D:6 exclusion: ice beast
D:8 Gastronok
D:9 3 runed translucent doors
D:10 1 runed translucent door, stripedtigrrr's ghost, journeyman MiBe


Innate Abilities, Weirdness & Mutations

You can spit globs of acid.
Your golden yellow scales are hard. (AC +7)
You cannot fit into any form of body armour.
You are cold-blooded and may be slowed by cold attacks.
You are resistant to acid. (rCorr)


Message History

Welcome back, Lindell86 the Yellow Draconian Fighter.
Trog says: Kill them all!
Press ? for a list of commands and other information.
Welcome back, Lindell86 the Yellow Draconian Fighter.
Trog says: Kill them all!
Press ? for a list of commands and other information.
You open the door.
There is an open door here.
Found 24 sling bullets.
Found 2 scrolls of identify.
Found Laam's Armour Shoppe.
h - 4 scrolls of identify (gained 2)
There is an entrance to Laam's Armour Shoppe here.
Found a stone staircase leading up.
You don't know any spells.
Unknown command.
Welcome back, Lindell86 the Yellow Draconian Fighter.
Trog says: Kill them all!
Press ? for a list of commands and other information.
Are you sure you want to abandon this character and quit the game? (Confirm with "yes".)

...........# #
####.#.#### # #.
##+#.###### #.
##....†..... ##.#
##.....###### ...##
##.......## ##
#..####.........###.
#
#...<+.........+.†.
#. #.@#
#.........###. #.#
##.## ##.......## #.
#.###.## ##.....##
#. #...## ##..∩## #.
##.## ##'## #. #...#
#######.# #.
#.#.####.......# #.
#..∩..##.####..##
###.#...........#


There were no monsters in sight!

Vanquished Creatures
  A hippogriff (D:8)
  Eustachio (D:6)
  A hog (D:10)
  A water moccasin (D:6)
  A black bear (D:6)
  2 ogres
  A phantom (D:4)
  A centaur (D:5)
  A crocodile (D:8)
  5 bullfrogs
  2 scorpions
  5 wights (D:8)
  3 howler monkeys (D:7)
  2 crimson imps
  2 hounds (D:6)
  3 jellies
  An orc priest (D:4)
  2 orc wizards
  3 iguanas
  2 worker ants
  A hound zombie (D:8)
  A hound skeleton (D:4)
  7 gnolls
  10 adders
  2 shadow imps
  3 oozes
  An adder skeleton (D:4)
  2 worms
  5 dart slugs
  5 leopard geckos
  13 orcs
  A ball python (D:1)
  5 giant cockroaches
  7 goblins
  8 hobgoblins
  9 jackals
  5 quokkas
  8 bats
  4 frilled lizards
  13 kobolds
  A leopard gecko skeleton (D:5)
  3 rats (D:1)
154 creatures vanquished.

Notes
Turn   | Place    | Note
-------+----------+-------------------------------------------
     0 | D:1      | Lindell86 the Draconian Fighter began the quest for the
                  | Orb.
     0 | D:1      | Reached XP level 1. HP: 19/19 MP: 1/1
     0 | D:1      | Noticed an ogre
     6 | D:1      | Noticed a troll
    13 | D:1      | Noticed a formicid
    15 | D:1      | Noticed a centaur
    17 | D:1      | Noticed a troll
    17 | D:1      | Noticed a gargoyle
   102 | D:1      | Reached XP level 2. HP: 24/26 MP: 2/2
   311 | D:1      | Reached XP level 3. HP: 23/31 MP: 3/3
   969 | D:2      | Reached XP level 4. HP: 37/38 MP: 4/4
  1911 | D:3      | Reached skill level 1 in Throwing
  1911 | D:3      | Reached XP level 5. HP: 43/45 MP: 5/5
  1986 | D:3      | Found a faded altar of an unknown god.
  2411 | D:3      | Found a shadowy altar of Dithmenos.
  2411 | D:3      | Found a hazy altar of Hepliaklqana.
  2411 | D:3      | Found a sacrificial altar of Ru.
  2411 | D:3      | Found a bloodstained altar of Trog.
  2432 | D:3      | Became a worshipper of Trog the Wrathful
  2703 | D:4      | Reached skill level 1 in Maces & Flails
  2703 | D:4      | Reached skill level 1 in Stealth
  2873 | D:4      | Reached XP level 6. HP: 44/52 MP: 6/6
  2976 | D:4      | Reached skill level 2 in Maces & Flails
  2987 | D:4      | Found a stormy altar of Qazlal.
  3336 | D:4      | Reached skill level 3 in Maces & Flails
  3358 | D:4      | Reached * piety under Trog
  3520 | D:4      | Found Qiovuem's Antique Armour Emporium.
  3652 | D:5      | Entered Level 5 of the Dungeon
  3715 | D:5      | Found a staircase to the Ecumenical Temple.
  3728 | Temple   | Entered the Ecumenical Temple
  3922 | D:5      | Your scales start taking on a golden yellow colour.
  3922 | D:5      | Reached XP level 7. HP: 50/60 MP: 7/7
  3922 | D:5      | Gained mutation: You are resistant to acid. (rCorr) [Yellow
                  | Draconian growth]
  4000 | D:5      | Reached skill level 5 in Axes
  4125 | D:5      | Reached skill level 4 in Maces & Flails
  4640 | D:6      | Reached skill level 5 in Maces & Flails
  4744 | D:6      | Reached XP level 8. HP: 34/67 MP: 8/8
  4770 | D:6      | Reached skill level 5 in Fighting
  5080 | D:6      | Noticed Eustachio
  5083 | D:6      | Killed Eustachio
  5083 | D:6      | Reached skill level 6 in Maces & Flails
  5198 | D:6      | You fall into a shaft and drop 3 floors!
  5198 | D:9      | Found a runed translucent gate.
  5198 | D:9      | Found a runed translucent gate.
  5198 | D:9      | Found a runed translucent gate.
  5216 | D:10     | Entered Level 10 of the Dungeon
  5265 | D:10     | Reached ** piety under Trog
  5318 | D:9      | Noticed a hippogriff
  5325 | D:10     | Found a runed translucent door.
  5326 | D:10     | Found a shimmering altar of Xom.
  5326 | D:10     | Noticed stripedtigrrr's ghost (journeyman MiBe)
  5327 | D:10     | Noticed a +1 mace of chaos
  5350 | D:9      | Found a basalt altar of Yredelemnul.
  5368 | D:8      | Killed a hippogriff
  5371 | D:8      | Reached skill level 7 in Maces & Flails
  5385 | D:8      | Reached XP level 9. HP: 17/75 MP: 9/9
  6116 | D:8      | Noticed Gastronok
  6258 | D:7      | Reached skill level 8 in Maces & Flails
  6260 | D:7      | Found Mengoici's Magic Scroll Shoppe.
  6268 | D:7      | Bought a scroll of teleportation for 33 gold pieces
  6268 | D:7      | Upgraded the game from 0.24-a0-618-ge4662a2d14 to
                  | 0.24-a0-619-gb7544fd237
  6277 | D:7      | Found Laam's Armour Shoppe.
  6292 | D:7      | Quit the game

Levels and vault maps discovered:
D:1:      shiori_arrival_whats_in_store_for_you, layout_basic,
          minmay_heptomino_w4
D:2:      wad_crossroads, layout_basic, first_ration
D:3:      layout_loops_ring, chequers_temple_overflow_statue_of_worship,
          chequers_ecumenical_altar_lobes, minmay_fountain_box
D:4:      layout_rooms, nicolae_overflow_hidden_temple, serial_shops, shop
D:5:      layout_basic, minmay_temple_entry_waves
D:6:      layout_gridville, serial_shops, shop, shop, shop,
          nicolae_shop_crystal, uniq_eustachio
D:7:      layout_loops_corners, serial_shops, nicolae_shop_crystal, shop,
          uniq_menkaure
D:8:      layout_basic, uniq_gastronok, uniq_pikel
D:9:      layout_cross, basic_altar, gammafunk_ghost_spectres, grunt_livestock
D:10:     layout_loops_cross, special_room [special_room_kobold],
          ebering_ghost_xom
Temple:   minmay_crystal_spiral_temple

Skill      XL: |  1  2  3  4  5  6  7  8  9 |
---------------+----------------------------+-----
Axes           | 3 4 5 6 |  6.7
Throwing       | 1 |  1.0
Shields        | 4 |  4.0
Maces & Flails | 1 3 5 7 8 |  8.0
Stealth        | 1 2 3 4 |  4.0
Fighting       | 4 6 |  6.6
Dodging        | |  2.6

Action                   |  1- 3 |  4- 6 |  7- 9 || total
-------------------------+-------+-------+-------++-------
Melee: War axe           |   114 |    44 |       ||   158
       Tailslap          |     9 |    30 |    38 ||    77
       Whip              |       |   248 |   270 ||   518
Throw: Stone             |       |     6 |       ||     6
Invok: Berserk           |       |       |     3 ||     3
 Abil: Breathe Acid      |       |       |     1 ||     1
  Use: Scroll            |       |    11 |     1 ||    12
       Potion            |       |       |     6 ||     6
 Stab: Sleeping          |     1 |     4 |     2 ||     7
  Eat: Chunk             |       |     9 |     8 ||    17
       Ration            |       |       |     1 ||     1
Armor: Skin              |    31 |    51 |    33 ||   115
Dodge: Dodged            |    56 |    77 |    87 ||   220
Block: Shield            |    59 |   113 |    98 ||   270

Table legend:
 A = Non-vault XP
 B = Vault XP
 C = Vault XP percentage of total XP
 D = Non-vault monster count
 E = Vault monster count
 F = Vault count percentage of total count
                 A         B        C        D         E       F
            +---------+---------+-------+---------+---------+-------
      Total |    3295 |     406 |  11.0 |     144 |      10 |   6.5
            +---------+---------+-------+---------+---------+-------
        D:1 |      56 |       7 |  11.1 |      28 |       4 |  12.5
        D:2 |      68 |      10 |  12.8 |      16 |       4 |  20.0
        D:3 |     135 |       0 |   0.0 |      19 |       0 |   0.0
        D:4 |     418 |       0 |   0.0 |      26 |       0 |   0.0
        D:5 |     275 |       0 |   0.0 |      11 |       0 |   0.0
        D:6 |     888 |     197 |  18.2 |      12 |       1 |   7.7
        D:7 |     352 |       0 |   0.0 |      11 |       0 |   0.0
        D:8 |    1097 |       0 |   0.0 |      18 |       0 |   0.0
       D:10 |       6 |     192 |  97.0 |       3 |       1 |  25.0
            +---------+---------+-------+---------+---------+-------
